 Dungeon Crawl Stone Soup version 0.27-a0-972-gd1521fd518 (webtiles) character file.

Game seed: 2637488208949141638

46 Froggeryz the Shield-Bearer (level 3, -8/29 HPs)
             Began as a Formicid Fighter on Apr 14, 2021.
             Killed from afar by Terence (10 damage)
             ... with a puff of flame
             ... on level 2 of the Dungeon.
             The game lasted 00:01:15 (1071 turns).

Froggeryz the Shield-Bearer (Formicid Fighter)      Turns: 1071, Time: 00:01:15

Health: -8/29      AC:  6    Str: 21    XL:     3   Next: 95%
Magic:  0/3        EV:  8    Int:  7    God:
Gold:   41         SH:  9    Dex: 10    Spells: 2/2 levels left

rFire    . . .     SeeInvis +   a - +0 war axe
rCold    . . .     Faith    .   c - +0 kite shield
rNeg     . . .     Spirit   +   b - +0 scale mail
rPois    .         Reflect  .   (helmet unavailable)
rElec    .         Harm     .   (no cloak)
rCorr    .         Rampage  .   (no gloves)
Will     .....                  (no boots)
Stlth    ..........             f - amulet of guardian spirit
HPRegen  0.09/turn              (no ring)
MPRegen  0.08/turn              (no ring)

@: no status effects
A: permanent stasis, dig shafts and tunnels, antennae 3, four strong arms
a: Dig, Shaft Self


You were on level 2 of the Dungeon.
You visited 1 branch of the dungeon, and saw 2 of its levels.

You collected 41 gold pieces.

Inventory:

Hand Weapons
 a - a +0 war axe (weapon)
Armour
 b - a +0 scale mail (worn)
 c - a +0 kite shield (worn)
Jewellery
 f - an amulet of guardian spirit (around neck)
Scrolls
 h - a scroll of identify {unknown}
 i - a scroll of teleportation {unknown}
 j - a scroll of torment {unknown}
Potions
 d - a potion of might
 e - a potion of curing {unknown}
 g - a potion of ambrosia {unknown}


   Skills:
 - Level 3.2 Fighting
 * Level 3.4 Axes
 - Level 3.2 Armour
 + Level 4.3 Shields


You had 2 spell levels left.
You didn't know any spells.
Your spell library was empty.

Dungeon Overview and Level Annotations

Branches:
Dungeon (2/15)

Altars:

Shops:
D:1 =

Annotations:
D:2 Terence


Innate Abilities, Weirdness & Mutations

You cannot be hasted, slowed, berserked, paralysed or teleported.
You can dig through walls and to a lower floor.
You have a pair of large antennae on your head. (SInv)
Your four strong arms can wield two-handed weapons with a shield.


Message History

An endoplasm comes into view.
You block Terence's attack.
You closely miss Terence.
Terence is moderately wounded.
You barely miss the ball python. You block the ball python's attack. x2
Terence hits you with a +0 mace. The ball python barely misses you.
The ball python grabs you. The ball python constricts you.
You closely miss the ball python.
Your shield and scale mail prevent you from hitting Terence.
Your shield and scale mail prevent you from hitting the endoplasm.
You block Terence's attack. The endoplasm freezes you.
You are frozen.
The ball python bites you but does no damage.
The ball python constricts you. Terence hits you with a +0 mace.
The endoplasm hits you.
The endoplasm jiggles.
You block the ball python's attack. The ball python constricts you.
You escape the ball python's grasp.
You block the endoplasm's attack.
You completely miss Terence.
Terence is moderately wounded.
Terence hits you with a +0 mace.
You are too injured to fight recklessly!
You are too injured to fight recklessly!
You are too injured to fight recklessly!
You are too injured to fight recklessly!
You barely miss Terence.
Terence is moderately wounded.
Terence hits you with a +0 mace. x2
You slash Terence!
Terence is severely wounded.
You block Terence's attack.
You hit Terence.
Terence is almost dead.
Terence zaps a wand.
The puff of flame hits you.
* * * LOW HITPOINT WARNING * * *
Terence hits you with a +0 mace.
* * * LOW HITPOINT WARNING * * *
Terence zaps a wand.
The puff of flame hits you!
You die...

.... ###..#
#.... #..#
#.#
###.J#...(#
#lSJ..#
#@#{##.#
#.#.# #@#.#
#.#.. #.#..
{ ..#$.#
###..#


You could see Terence, a ball python and a frilled lizard.

Vanquished Creatures
  3 dart slugs (D:1)
  4 ball pythons (D:1)
  6 endoplasms (D:1)
  5 hobgoblins (D:1)
  4 jackals (D:1)
  A quokka (D:1)
  A bat (D:1)
  3 frilled lizards (D:1)
  2 goblins (D:1)
  3 kobolds (D:1)
  4 rats (D:1)
36 creatures vanquished.

Notes
Turn   | Place    | Note
-------+----------+-------------------------------------------
     0 | D:1      | Froggeryz the Formicid Fighter began the quest for the Orb.
     0 | D:1      | Reached XP level 1. HP: 18/18 MP: 1/1
   184 | D:1      | Reached XP level 2. HP: 20/24 MP: 2/2
   278 | D:1      | Reached skill level 4 in Shields
   343 | D:1      | Reached XP level 3. HP: 16/29 MP: 3/3
   529 | D:1      | Found Pavvean's Jewellery Boutique.
  1058 | D:2      | Noticed Terence
  1071 | D:2      | Killed from afar by Terence

Illustrated notes

Levels and vault maps discovered:
D:1:      giann_bridges, layout_basic, serial_shops, shop, st_stairs_3
D:2:      layout_loops_cross, serial_shops, shop_fountains, basic_altar,
          minmay_pentomino_pile, uniq_terence

Skill      XL: |  1  2  3 |
---------------+----------+-----
Shields        | 4 |  4.3
Axes           | 3 |  3.4
Fighting       | |  3.2
Armour         | |  3.2

Action                   || total
-------------------------++-------
Melee: War axe           ||    94
 Abil: Dig               ||     3
Armor: Scale mail        ||    43
Dodge: Dodged            ||    37
Block: Kite shield       ||    60

Table legend: (Time is in decaauts)
 A = Elapsed time spent in this place.
 B = Non-inter-level travel time spent in this place.
 C = Inter-level travel time spent in this place.
 D = Time resting spent in this place.
 E = Time spent auto-exploring this place.
 F = Levels seen in this place.
 G = Mean time per level.
                   A        B        C        D        E       F      G
               +--------+--------+--------+--------+--------+-----+--------+
         Total |   1121 |   1104 |     17 |    166 |    671 |   2 |  560.5 |
       Dungeon |   1121 |   1104 |     17 |    166 |    671 |   2 |  560.5 |
               +--------+--------+--------+--------+--------+-----+--------+

Top non-repeatable levels by time:
     D:1: 1103 daAuts
     D:2: 18 daAuts
